 Dungeon Crawl Stone Soup version 0.30-a0-540-g0af01429fa (webtiles) character file.

Game seed: 8967927171928136899

13814 arthad the Thaumaturge (level 12, -17/91 HPs)
             Began as a Gnoll Earth Elementalist on Dec 25, 2022.
             Was an Initiate of Gozag.
             Demolished by a minotaur
             ... wielding the +8 mithril axe "Arga" {speed, Will+}
              (27 damage)
             ... in a Gauntlet.
             The game lasted 00:42:46 (11483 turns).

arthad the Thaumaturge (Gnoll Earth Elementalist)  Turns: 11483, Time: 00:42:47

Health: -17/91     AC: 17    Str: 12 (13) XL:     12   Next: 10%
Magic:  3/31       EV: 16    Int: 17 (18) God:    Gozag
Gold:   1686       SH:  0    Dex: 14      Spells: 12/28 levels left

rFire   . . .      SeeInvis .    w - +5 hand axe of Poverty {protect, rElec Str+3 Dex+2}
rCold   . . .      Faith    .    (no shield)
rNeg    . . .      Spirit   .    t - +2 robe {Archmagi}
rPois   +          Reflect  .    (no helmet)
rElec   +          Harm     .    K - +2 cloak {rPois}
rCorr   .          Rampage  .    r - +0 pair of gloves
Will    +....      Archmagi +    U - +1 pair of boots "Cyley" {Will+ Str+2}
Stlth   +++++      NoTele   +    R - amulet of Fohoc {RegenMP Fragile +Blink rElec Stlth+}
HPRegen 0.35/turn                o - +4 ring of protection
MPRegen 0.62/turn                A - ring of magical power

@: hasted, very quick
A: fangs 1, strong nose, distributed training, iridescent scales 1, low MP 1,
weak 1, wild magic 1
a: Renounce Religion, Evoke Blink, Potion Petition, Call Merchant, Bribe Branch


You were in a Gauntlet.
You worshipped Gozag.
Gozag was most pleased with you.
You visited 1 branch of the dungeon, and saw 11 of its levels.
You also visited: Gauntlet.

You collected 2209 gold pieces.
You spent 492 gold pieces at shops.
You paid 31 gold pieces to Gozag.

Inventory:

Hand Weapons
 j - a +1 dagger of electrocution
 k - a +1 scimitar of flaming
 w - the +5 hand axe of Poverty (weapon) {protect, rElec Str+3 Dex+2}
   (You found it on level 4 of the Dungeon)

   It grants its wielder temporary protection when it strikes (+7 to AC).
   Str:       It affects your strength (+3).
   Dex:       It affects your dexterity (+2).
   rElec:     It insulates you from electricity.
 E - a +0 dire flail of venom
 L - a +3 battleaxe
Missiles
 h - 15 poisoned darts
 i - 18 boomerangs
 J - 4 atropa-tipped darts
 M - 6 javelins
Armour
 a - a +0 robe
 r - a +0 pair of gloves (worn)
 s - a +0 pair of boots
 t - a +2 robe of the Archmagi (worn)
 y - a +0 robe of resistance
 F - the +3 Mad Mage's Maulers {Infuse+∞ VampMP -Cast}
   (You acquired it on level 11 of the Dungeon)

   It empowers its wearer's blows with all of their magic.
   Blows struck in melee replenish the wearer's magic.
   -Cast:     It prevents spellcasting.
 K - a +2 cloak of poison resistance (worn)
 U - the +1 pair of boots "Cyley" (worn) {Will+ Str+2}
   (You found it in a Gauntlet)

   Str:       It affects your strength (+2).
   Will:      It increases your willpower.
Jewellery
 o - a +4 ring of protection (left hand)
 q - a ring of poison resistance
 A - a ring of magical power (right hand)
 C - a ring of resist corrosion
 R - the amulet of Fohoc (around neck) {RegenMP Fragile +Blink rElec Stlth+}
   (You found it in a Gauntlet)

   [amulet of magic regeneration]

   It increases your rate of magic regeneration.
   rElec:     It insulates you from electricity.
   +Blink:    It lets you blink.
   Fragile:   It will be destroyed if unequipped.
   Stlth:     It makes you more stealthy.
 T - an amulet of faith
Wands
 u - a wand of quicksilver (2)
 D - a wand of flame (11)
 H - a wand of charming (11)
 O - a wand of mindburst (10)
Scrolls
 e - 7 scrolls of teleportation
 g - 3 scrolls of immolation
 l - a scroll of enchant weapon
 m - a scroll of identify
 G - a scroll of poison
 Q - a scroll of fog {unknown}
 S - a scroll of brand weapon {unknown}
Potions
 b - a potion of magic
 c - 5 potions of attraction
 d - 6 potions of curing
 f - a potion of brilliance
 p - 3 potions of flight
 v - a potion of lignification
 x - a potion of ambrosia
 z - 2 potions of degeneration
 B - 2 potions of resistance {unknown}
 I - a potion of might {unknown}
 V - a potion of invisibility {unknown}
Miscellaneous
 N - a phial of floods


   Skills:
 + Level 7.2 Fighting
 + Level 7.2 Short Blades
 + Level 7.2 Long Blades
 + Level 7.2 Axes
 + Level 7.2 Maces & Flails
 + Level 7.2 Polearms
 + Level 7.2 Staves
 + Level 7.2 Ranged Weapons
 + Level 7.2 Throwing
 + Level 7.2 Armour
 + Level 8.6 Dodging
 + Level 8.4 Stealth
 + Level 7.2 Shields
 + Level 7.2 Unarmed Combat
 + Level 8.9 Spellcasting
 + Level 6.0 Conjurations
 + Level 6.0 Hexes
 + Level 6.0 Summonings
 + Level 6.0 Necromancy
 + Level 6.0 Translocations
 + Level 6.4 Transmutations
 + Level 6.0 Fire Magic
 + Level 6.0 Ice Magic
 + Level 6.0 Air Magic
 + Level 8.2 Earth Magic
 + Level 6.0 Poison Magic
 + Level 7.9 Invocations
 + Level 7.2 Evocations


You had 12 spell levels left.
You knew the following spells:

 Your Spells              Type           Power      Damage    Failure   Level
a - Sandblast             Erth           100%       2d20      1%          1
b - Stone Arrow           Conj/Erth      100%       3d13      3%          3
c - Blink                 Tloc           100%       N/A       2%          2
d - Dispel Undead         Necr           53%        3d19      13%         4
e - Momentum Strike       Conj/Tloc      100%       3d10      2%          2
f - Petrify               Tmut/Erth      59%        N/A       8%          4

Your spell library contained the following spells:

 Spells                   Type           Power      Damage    Failure   Level
 Kiss of Death            Conj/Necr      100%       2d13      1%          1
 Passwall                 Tmut/Erth      49%        N/A       1%          2
 Sublimation of Blood     Necr           53%        N/A       2%          2
 Call Canine Familiar     Summ           53%        N/A       4%          3
 Confusing Touch          Hex            53%        N/A       4%          3
 Lesser Beckoning         Tloc           100%       N/A       4%          3
 Portal Projectile        Hex/Tloc       100%       N/A       4%          3
 Leda's Liquefaction      Hex/Erth       29%        N/A       8%          4
 Anguish                  Hex/Necr       26%        N/A       13%         4
 Irradiate                Conj/Tmut      27%        3d20      28%         5
 Enfeeble                 Hex            26%        N/A       100%        7


Dungeon Overview and Level Annotations

Branches:
Dungeon (11/15)            Temple (0/1) D:5            Lair (0/5) D:8
    Orc (0/2) D:10        Gauntlet (1/1)

Altars:
Ashenzari
Gozag
Kikubaaqudgha
Makhleb
Nemelex Xobeh
Qazlal
Ru
Uskayaw
Vehumet
Wu Jian
Xom
Yredelemnul
Zin

Shops:
D:1 ?   D:7 =:   D:8 *

Annotations:
D:8 2 runed translucent doors, purpskrrrp's ghost, novice MfMo
D:9 4 runed translucent doors, bmack86's ghost, journeyman MiFi; porpoise's ghost, novice BaSu
D:10 2 transporters, IdlyInterested's ghost, novice DsGl Gauntlet 8 transporters, 6 runed translucent doors


Innate Abilities, Weirdness & Mutations

You have very sharp teeth.
Your uncanny sense of smell can sniff out nearby items.
Your experience applies equally to all skills.
You are partially covered in iridescent scales. (AC +2)
Your magical capacity is low. (-10% MP)
You are weak. (Str -2)
Your spells are a little harder to cast, but a little more powerful.


Message History

Casting: Stone Arrow (mildly dangerous; 3% risk of failure)
Confirm with . or Enter, or press ? or * to list all spells.
Aiming: Stone Arrow (mildly dangerous; 3% risk of failure)
Press: ? - help, Shift-Dir - straight line, f/p - minotaur
Aim: a minotaur, wielding the +8 mithril axe "Arga" {speed, Will+}, wearing a +3 plate armour of positive energy and quivering silver javelins (heavily wounded, 89% to hit)
You feel a surge of power!
The stone arrow hits the minotaur!
The minotaur is heavily wounded.
The minotaur hits you with the +8 mithril axe "Arga" {speed, Will+}!!
The minotaur gores you but does no damage.
Casting: Stone Arrow (mildly dangerous; 3% risk of failure)
Confirm with . or Enter, or press ? or * to list all spells.
Aiming: Stone Arrow (mildly dangerous; 3% risk of failure)
Press: ? - help, Shift-Dir - straight line, f/p - minotaur
Aim: a minotaur, wielding the +8 mithril axe "Arga" {speed, Will+}, wearing a +3 plate armour of positive energy and quivering silver javelins (heavily wounded, 89% to hit)
You feel a surge of power!
The stone arrow hits the minotaur!
The minotaur is severely wounded.
The minotaur completely misses you. The minotaur barely misses you.
Casting: Stone Arrow (mildly dangerous; 3% risk of failure)
Confirm with . or Enter, or press ? or * to list all spells.
Aiming: Stone Arrow (mildly dangerous; 3% risk of failure)
Press: ? - help, Shift-Dir - straight line, f/p - minotaur
Aim: a minotaur, wielding the +8 mithril axe "Arga" {speed, Will+}, wearing a +3 plate armour of positive energy and quivering silver javelins (severely wounded, 89% to hit)
You feel a surge of power!
The stone arrow hits the minotaur!
The minotaur is almost dead.
The minotaur hits you with the +8 mithril axe "Arga" {speed, Will+}!
* * * LOW HITPOINT WARNING * * *
The minotaur closely misses you.
Unknown command.
You feel much better.
The minotaur hits you with the +8 mithril axe "Arga" {speed, Will+}!!
* * * LOW HITPOINT WARNING * * *
The minotaur gores you!
* * * LOW HITPOINT WARNING * * *
Okay, then.
Casting: Stone Arrow (mildly dangerous; 3% risk of failure)
Confirm with . or Enter, or press ? or * to list all spells.
You feel a surge of power!
You blink.
The minotaur hits you with the +8 mithril axe "Arga" {speed, Will+}!!
You die...
Your body crumbles into a pile of gold.

..#.§## ######
..#..§#####....# ####
###.§###....##.##....#
.....##..##.##....# #
###..#...##....##.##..#
+.#..#......##.##....#
#.#.8#.©.##.##....##.#
..#..#...##...§######.
###.∩#.©....##.H@..∩#
#©#..#...##.##.######
#!#.8#.©.##....#
.|#..#......##.#
###..#...##.##..
.....##..# ..#
###..###... #.# ..#..≈#
### ..#..##


You could see a minotaur.

Vanquished Creatures
  Erica (D:10)
  A two-headed ogre (D:10)
  Urug (D:10)
  A sixfirhy (Gauntlet)
  2 wizards (Gauntlet)
  An ugly thing (D:10)
  A cyclops (D:11)
  Maurice (D:10)
  A kobold demonologist (D:11)
  An unseen horror zombie (D:9)
  A troll (D:7)
  2 hornets (Gauntlet)
  Prince Ribbit (D:8)
  21 yaks
  A wyvern (D:7)
  Grum (D:8)
  3 wargs (D:8)
  An acid dragon (D:6)
  2 sky beasts
  A black bear (D:7)
  A water moccasin (D:8)
  A hornet zombie (D:9)
  2 ice beasts (D:7)
  2 ogres
  3 wolves (D:8)
  A centaur (D:6)
  2 phantoms (D:5)
  2 kobold brigands (D:8)
  3 bullfrogs
  5 scorpions
  8 wights
  3 killer bees (D:8)
  An electric eel (D:7)
  4 howler monkeys
  3 jellies
  6 orc priests
  4 gnoll boudas
  5 hounds
  5 iguanas
  Jessica (D:2)
  Natasha (thrice) (D:2)
  9 orc wizards
  14 gnolls
  7 adders
  3 shadow imps (Gauntlet)
  5 white imps
  4 ufetubi
  2 worms
  A dart slug (D:1)
  18 orcs
  11 endoplasms
  A giant cockroach (D:2)
  A goblin (D:2)
  3 hobgoblins
  9 jackals
  5 quokkas
  9 ball pythons
  7 bats
  A frilled lizard (D:3)
  20 kobolds
  3 rats (D:1)
  A bush (D:6)
244 creatures vanquished.

Vanquished Creatures (collateral kills)
  A wraith (D:10)
  4 yaks (D:10)
  An orc priest (D:10)
  An orc wizard (D:10)
  2 orcs (D:10)
9 creatures vanquished.

Vanquished Creatures (others)
  A plant (D:8)
1 creature vanquished.

Grand Total: 254 creatures vanquished

Notes
Turn   | Place    | Note
-------+----------+-------------------------------------------
     0 | D:1      | arthad the Gnoll Earth Elementalist began the quest for the
                  | Orb.
     0 | D:1      | Reached XP level 1. HP: 13/13 MP: 6/6
   231 | D:1      | Found Uguecel's Magic Scroll Shop.
   281 | D:1      | Reached XP level 2. HP: 19/19 MP: 5/7
   871 | D:1      | Found a faded altar of an unknown god.
  1043 | D:1      | Reached skill level 5 in Spellcasting
  1043 | D:1      | Reached XP level 3. HP: 25/25 MP: 4/9
  1200 | D:2      | Reached skill level 1 in Invocations
  1335 | D:2      | Reached skill level 1 in Fighting
  1335 | D:2      | Reached skill level 1 in Short Blades
  1335 | D:2      | Reached skill level 1 in Long Blades
  1335 | D:2      | Reached skill level 1 in Axes
  1335 | D:2      | Reached skill level 1 in Maces & Flails
  1335 | D:2      | Reached skill level 1 in Polearms
  1335 | D:2      | Reached skill level 1 in Staves
  1335 | D:2      | Reached skill level 1 in Ranged Weapons
  1335 | D:2      | Reached skill level 1 in Throwing
  1335 | D:2      | Reached skill level 1 in Armour
  1335 | D:2      | Reached skill level 1 in Shields
  1335 | D:2      | Reached skill level 1 in Unarmed Combat
  1335 | D:2      | Reached skill level 1 in Evocations
  1380 | D:2      | Noticed Natasha
  1384 | D:2      | Killed Natasha
  1385 | D:2      | Reached XP level 4. HP: 32/32 MP: 8/11
  1389 | D:2      | Learned a level 3 spell: Stone Arrow
  1552 | D:2      | Reached skill level 1 in Conjurations
  1552 | D:2      | Reached skill level 1 in Hexes
  1552 | D:2      | Reached skill level 1 in Summonings
  1552 | D:2      | Reached skill level 1 in Necromancy
  1552 | D:2      | Reached skill level 1 in Translocations
  1552 | D:2      | Reached skill level 1 in Fire Magic
  1552 | D:2      | Reached skill level 1 in Ice Magic
  1552 | D:2      | Reached skill level 1 in Air Magic
  1552 | D:2      | Reached skill level 1 in Poison Magic
  1649 | D:2      | Noticed Natasha
  1651 | D:2      | Killed Natasha
  1776 | D:2      | Noticed Natasha
  1777 | D:2      | Killed Natasha
  1778 | D:2      | Reached XP level 5. HP: 37/37 MP: 10/12
  1853 | D:2      | Noticed Jessica
  1861 | D:2      | Killed Jessica
  2077 | D:3      | Found a stormy altar of Qazlal.
  2079 | D:3      | Found a glowing silver altar of Zin.
  2080 | D:3      | Found an ancient bone altar of Kikubaaqudgha.
  2087 | D:3      | Found a burning altar of Makhleb.
  2089 | D:3      | Found an opulent altar of Gozag.
  2090 | D:3      | Found a sparkling altar of Nemelex Xobeh.
  2092 | D:3      | Found a sacrificial altar of Ru.
  2095 | D:3      | Found a hide-covered altar of Uskayaw.
  2096 | D:3      | Found an ornate altar of the Wu Jian Council.
  2115 | D:3      | Became a worshipper of Gozag Ym Sagoz the Greedy
  2357 | D:3      | Reached XP level 6. HP: 44/44 MP: 10/14
  2362 | D:3      | Reached skill level 5 in Dodging
  2532 | D:3      | Found a broken altar of Ashenzari.
  3131 | D:4      | Identified the +5 hand axe of Poverty {protect, rElec Str+3
                  | Dex+2}
  3484 | D:5      | Entered Level 5 of the Dungeon
  3494 | D:5      | Reached XP level 7. HP: 50/50 MP: 9/15
  3745 | D:5      | Reached skill level 5 in Stealth
  3937 | D:5      | Found a staircase to the Ecumenical Temple.
  4250 | D:5      | Reached XP level 8. HP: 57/58 MP: 9/16
  5766 | D:7      | Noticed a wyvern
  5773 | D:7      | Reached XP level 9. HP: 61/65 MP: 14/18
  5800 | D:7      | Found Lelouseps's Jewellery Emporium.
  5812 | D:7      | Bought a ring of magical power for 300 gold pieces
  5912 | D:7      | Found Ichoxisch's Self-Improvement Boutique.
  5932 | D:7      | Noticed a troll
  5938 | D:7      | Killed a troll
  6300 | D:7      | Reached skill level 5 in Invocations
  6387 | D:7      | HP: 3/60 [wight/+4 falchion (1)]
  7175 | D:8      | Found a staircase to the Lair.
  7185 | D:8      | Reached skill level 5 in Fighting
  7185 | D:8      | Reached skill level 5 in Short Blades
  7185 | D:8      | Reached skill level 5 in Long Blades
  7185 | D:8      | Reached skill level 5 in Axes
  7185 | D:8      | Reached skill level 5 in Maces & Flails
  7185 | D:8      | Reached skill level 5 in Polearms
  7185 | D:8      | Reached skill level 5 in Staves
  7185 | D:8      | Reached skill level 5 in Ranged Weapons
  7185 | D:8      | Reached skill level 5 in Throwing
  7185 | D:8      | Reached skill level 5 in Armour
  7185 | D:8      | Reached skill level 5 in Shields
  7185 | D:8      | Reached skill level 5 in Unarmed Combat
  7185 | D:8      | Reached skill level 5 in Evocations
  7185 | D:8      | Reached XP level 10. HP: 20/74 MP: 17/20
  7185 | D:8      | HP: 1/74 [cloud of flame (9)]
  7247 | D:7      | Learned a level 2 spell: Blink
  7252 | D:7      | Learned a level 4 spell: Dispel Undead
  7660 | D:8      | Noticed Prince Ribbit
  7668 | D:8      | Killed Prince Ribbit
  7669 | D:8      | Reached skill level 5 in Transmutations
  7908 | D:8      | Found Fitikus's Assorted Antiques.
  7908 | D:8      | Found a large runed translucent door.
  7908 | D:8      | Found a large runed translucent door.
  7909 | D:8      | Noticed purpskrrrp's ghost (novice MfMo)
  7916 | D:8      | Bought 2 viscous white potions for 30 gold pieces
  7916 | D:8      | Bought an embroidered robe for 62 gold pieces
  7916 | D:8      | Bought a fuming pink potion for 15 gold pieces
  7916 | D:8      | Bought a wooden ring for 85 gold pieces
  8023 | D:8      | Noticed Grum
  8041 | D:8      | Killed Grum
  8169 | D:8      | Found a radiant altar of Vehumet.
  8864 | D:9      | Reached skill level 5 in Conjurations
  8864 | D:9      | Reached skill level 5 in Hexes
  8864 | D:9      | Reached skill level 5 in Summonings
  8864 | D:9      | Reached skill level 5 in Necromancy
  8864 | D:9      | Reached skill level 5 in Translocations
  8864 | D:9      | Reached skill level 5 in Fire Magic
  8864 | D:9      | Reached skill level 5 in Ice Magic
  8864 | D:9      | Reached skill level 5 in Air Magic
  8864 | D:9      | Reached skill level 5 in Poison Magic
  8981 | D:9      | Reached XP level 11. HP: 81/81 MP: 22/22
  9139 | D:9      | Found a runed translucent door.
  9139 | D:9      | Found a shimmering altar of Xom.
  9139 | D:9      | Noticed porpoise's ghost (novice BaSu)
  9140 | D:9      | Noticed a +1 hand axe of chaos
  9180 | D:9      | Found a runed translucent gate.
  9180 | D:9      | Found a runed translucent gate.
  9180 | D:9      | Found a runed translucent gate.
  9180 | D:9      | Noticed bmack86's ghost (journeyman MiFi)
  9182 | D:9      | Found a basalt altar of Yredelemnul.
  9433 | D:10     | Entered Level 10 of the Dungeon
  9571 | D:10     | Found a staircase to the Orcish Mines.
  9609 | D:10     | Noticed Maurice
  9630 | D:10     | Killed Maurice
  9765 | D:10     | Learned a level 2 spell: Momentum Strike
 10076 | D:10     | Noticed Urug
 10112 | D:10     | Killed Urug
 10261 | D:10     | Noticed IdlyInterested's ghost (novice DsGl)
 10261 | D:10     | Noticed an ice dragon
 10261 | D:10     | Noticed a manticore
 10275 | D:10     | Found a transporter.
 10340 | D:10     | Noticed a two-headed ogre
 10348 | D:10     | Killed a two-headed ogre
 10649 | D:10     | Found a transporter.
 10684 | D:10     | Noticed a moth of wrath
 10783 | D:11     | Noticed Erica
 10783 | D:11     | Noticed a white ugly thing
 10805 | D:10     | Gained mutation: Your magical capacity is low. (-10% MP)
                  | [potion of mutation]
 10805 | D:10     | Gained mutation: You are weak. (Str -2) [potion of
                  | mutation]
 10805 | D:10     | Gained mutation: You are partially covered in iridescent
                  | scales. (AC +2) [potion of mutation]
 10805 | D:10     | Gained mutation: Your spells are a little harder to cast,
                  | but a little more powerful. [potion of mutation]
 10807 | D:10     | Killed Erica
 10810 | D:10     | Killed a cyan ugly thing
 10837 | D:10     | Learned a level 4 spell: Petrify
 10998 | D:11     | Identified a scroll of acquirement
 10998 | D:11     | Acquired the +3 Mad Mage's Maulers {Infuse+∞ VampMP -Cast}
 10998 | D:11     | Found the +3 Mad Mage's Maulers {Infuse+∞ VampMP -Cast}
 11043 | D:11     | Noticed a cyclops
 11051 | D:11     | Killed a cyclops
 11092 | D:11     | Noticed a sixfirhy
 11113 | D:11     | Found a gate leading to a gauntlet.
 11118 | Gauntlet | Entered a Gauntlet
 11118 | Gauntlet | Found a transporter.
 11118 | Gauntlet | Found a runed translucent gate.
 11118 | Gauntlet | Found a transporter.
 11121 | Gauntlet | Noticed a moth of wrath
 11121 | Gauntlet | Noticed a sixfirhy
 11122 | Gauntlet | Found a runed translucent gate.
 11123 | Gauntlet | Found a runed translucent gate.
 11131 | Gauntlet | Found a transporter.
 11148 | Gauntlet | Found a transporter.
 11148 | Gauntlet | Found a transporter.
 11148 | Gauntlet | Found a transporter.
 11150 | Gauntlet | Found a transporter.
 11150 | Gauntlet | Found a transporter.
 11156 | Gauntlet | Noticed a wizard
 11158 | Gauntlet | Noticed a wizard
 11162 | Gauntlet | Found a transporter.
 11175 | Gauntlet | Found a runed translucent door.
 11179 | Gauntlet | Found a transporter.
 11179 | Gauntlet | Noticed a wretched star
 11185 | Gauntlet | Noticed a wretched star
 11188 | Gauntlet | Found a transporter.
 11202 | Gauntlet | Found a transporter.
 11236 | Gauntlet | Found a transporter.
 11236 | Gauntlet | Noticed a wizard
 11244 | Gauntlet | Found a runed translucent door.
 11244 | Gauntlet | Found a runed translucent door.
 11248 | Gauntlet | Found a transporter.
 11291 | Gauntlet | Identified the amulet of Fohoc {RegenMP Fragile +Blink
                  | rElec Stlth+}
 11298 | Gauntlet | Killed a sixfirhy
 11328 | Gauntlet | Reached XP level 12. HP: 79/91 MP: 19/22
 11425 | Gauntlet | Identified the +1 pair of boots "Cyley" {Will+ Str+2}
 11470 | Gauntlet | Noticed a minotaur
 11483 | Gauntlet | Demolished by a minotaur

Illustrated notes

Levels and vault maps discovered:
D:1:      minmay_arrival_up_and_down, layout_basic,
          shapermc_ecumenical_altar_pompeii, serial_shops, shop, hex_medium
D:2:      layout_loops_ring, uniq_natasha, uniq_jessica
D:3:      layout_loops_ring, nicolae_overflow_hallway_of_the_gods,
          nicolae_ashenzari_skybound, chequers_mini_garden, minivault_14,
          nrook_mini_vaults
D:4:      layout_loops_ring
D:5:      layout_gridville, minmay_temple_entry_hall
D:6:      layout_rooms, kb_lookout_dungeons_type, minmay_misc_feat_ornament,
          nicolae_sextant
D:7:      layout_gridville, serial_shops, nicolae_shop_advertising_works
          [nicolae_subvault_shop_adworks], kennysheep_minor_cross, st_stairs_8,
          minmay_misc_feat_iff, serial_bayou_pond_b, nicolae_shop_self_help
D:8:      layout_rooms, lemuel_round_altar, erik_lair_orcish_takeover,
          ebering_ghost_disaster_area, serial_shops, nicolae_shop_crystal,
          solitary_fountain, chequers_serial_rivers_large_b, uniq_grum,
          uniq_prince_ribbit1
D:9:      layout_loops_ring, nicolae_yredelemnul_ghost_church, ebering_ghost_xom
D:10:     layout_gridville, orc_0_dummy, gammafunk_ghost_berserking_beasts,
          chequers_arboretum, minivault_21, uniq_maurice, uniq_urug
D:11:     layout_roguey, gauntlet_entry_generic, gammafunk_ghost_necromancy,
          uniq_erica, uniq_lodul
Gauntlet: gammafunk_gauntlet_mixed_choke_point
          [minmay_gauntlet_arena_77_run_for_it,
          minmay_gauntlet_arena_77_hold_the_fort,
          minmay_gauntlet_arena_77_shame_cube,
          nicolae_gauntlet_arena_flowing_pool,
          minmay_gauntlet_arena_77_double_cross, minmay_gauntlet_arena_77_path,
          minmay_gauntlet_arena_77_chump_sandwich, gauntlet_exit_green]

Skill      XL: |  1  2  3  4  5  6  7  8  9 10 11 12 |
---------------+-------------------------------------+-----
Transmutations | 2 3 4 5 6 |  6.4
Spellcasting   | 5 6 7 8 |  8.9
Invocations    | 1 2 3 4 5 6 7 |  7.9
Fighting       | 1 2 3 5 6 7 |  7.2
Short Blades   | 1 2 3 5 6 7 |  7.2
Long Blades    | 1 2 3 5 6 7 |  7.2
Axes           | 1 2 3 5 6 7 |  7.2
Maces & Flails | 1 2 3 5 6 7 |  7.2
Polearms       | 1 2 3 5 6 7 |  7.2
Staves         | 1 2 3 5 6 7 |  7.2
Ranged Weapons | 1 2 3 5 6 7 |  7.2
Throwing       | 1 2 3 5 6 7 |  7.2
Armour         | 1 2 3 5 6 7 |  7.2
Shields        | 1 2 3 5 6 7 |  7.2
Unarmed Combat | 1 2 3 5 6 7 |  7.2
Evocations     | 1 2 3 5 6 7 |  7.2
Conjurations   | 1 2 3 4 5 6 |  6.0
Hexes          | 1 2 3 4 5 6 |  6.0
Summonings     | 1 2 3 4 5 6 |  6.0
Necromancy     | 1 2 3 4 5 6 |  6.0
Translocations | 1 2 3 4 5 6 |  6.0
Fire Magic     | 1 2 3 4 5 6 |  6.0
Ice Magic      | 1 2 3 4 5 6 |  6.0
Air Magic      | 1 2 3 4 5 6 |  6.0
Poison Magic   | 1 2 3 4 5 6 |  6.0
Dodging        | 5 6 7 8 |  8.6
Stealth        | 5 6 7 8 |  8.4
Earth Magic    | 6 7 8 |  8.2

Action                   |  1- 3 |  4- 6 |  7- 9 | 10-12 || total
-------------------------+-------+-------+-------+-------++-------
Melee: Hand axe          |       |     2 |    61 |    27 ||    90
       Bite              |       |       |    10 |     1 ||    11
       Punch             |       |       |     5 |     3 ||     8
Throw: Boomerang         |       |       |     6 |       ||     6
 Cast: Sandblast         |    43 |    61 |   182 |   209 ||   495
       Stone Arrow       |       |       |    17 |    52 ||    69
       Momentum Strike   |       |       |       |     2 ||     2
       Blink             |       |       |       |     1 ||     1
Evoke: Wand              |       |       |     2 |     7 ||     9
  Use: Scroll            |       |       |    13 |     1 ||    14
       Potion            |       |       |       |    11 ||    11
 Stab: Sleeping          |       |     1 |       |     1 ||     2
Armor: Robe              |     3 |     6 |    55 |    74 ||   138
       Skin              |       |       |       |    29 ||    29
Dodge: Dodged            |     9 |    13 |   108 |   179 ||   309

Table legend: (Time is in decaauts)
 A = Elapsed time spent in this place.
 B = Non-inter-level travel time spent in this place.
 C = Inter-level travel time spent in this place.
 D = Time resting spent in this place.
 E = Time spent auto-exploring this place.
 F = Levels seen in this place.
 G = Mean time per level.
                   A        B        C        D        E       F      G
               +--------+--------+--------+--------+--------+-----+--------+
         Total |  11785 |  11458 |    327 |    757 |   8677 |  12 |  982.1 |
       Dungeon |  11422 |  11095 |    327 |    724 |   8520 |  11 | 1038.4 |
      Gauntlet |    363 |    363 |      0 |     33 |    157 |   1 |  363.0 |
               +--------+--------+--------+--------+--------+-----+--------+

Top non-repeatable levels by time:
    D:10: 1597 daAuts
     D:7: 1541 daAuts
     D:5: 1280 daAuts
     D:6: 1207 daAuts
     D:1: 1143 daAuts
     D:8: 1068 daAuts
     D:9: 1060 daAuts
     D:2: 833 daAuts
     D:4: 785 daAuts
     D:3: 769 daAuts
Gauntlet: 363 daAuts
    D:11: 136 daAuts
